Description

выфсывы

Replay - Elazer v Maru: Game 1 - Blackpink LE

Build Order

Get SALT Encoding   

  12  0:00  SCV  
  13  0:13  SCV  
  14  0:17  Supply Depot  
  14  0:25  SCV  
  15  0:38  SCV  
  15  0:40  Barracks  
  16  0:43  Refinery  
  16  0:50  SCV  
  17  1:02  SCV  
  18  1:15  SCV  
  19  1:27  Reaper, Orbital Command  
  20  1:38  Command Center  
  20  1:49  Barracks  
  20  1:52  SCV  
  21  2:01  Supply Depot  
  21  2:02  Barracks Reactor  
  21  2:05  SCV  
  22  2:11  Refinery  
  22  2:17  SCV  
  23  2:25  Factory  
  24  2:37  Barracks Tech Lab  
  24  2:39  Marine x2  
  27  2:51  Orbital Command  
  27  2:57  Stimpack  
  27  2:58  Marine x3  
  32  3:13  Starport  
  34  3:20  Factory Reactor  
  34  3:23  Marine x2  
  37  3:35  Marine  
  37  3:38  Supply Depot  
  38  3:41  Marine x2  
  41  3:52  Supply Depot  
  42  4:02  Medivac x2  
  51  4:05  Factory Tech Lab  
  51  4:09  Supply Depot  
  58  4:33  Engineering Bay x2  
  69  5:01  Terran Infantry Armor Level 1  
  68  5:07  Medivac  
  69  5:16  Command Center, Terran Infantry Weapons Level 1  
  75  5:34  Refinery  
  78  5:38  Combat Shields  
  78  5:41  Medivac  
  81  5:58  Barracks x3  
  81  6:01  Siege Tank  
  89  6:15  Refinery  
  90  6:20  Armory  
  91  6:29  Orbital Command  
  95  6:33  Siege Tank  
  100  6:48  Barracks Tech Lab x2, Barracks Reactor  
  102  6:56  Marauder  
  104  7:01  Medivac x2  
  104  7:03  Orbital Command  
  111  7:09  Marauder  
  109  7:23  Missile Turret  
  109  7:25  Marauder  
  114  7:30  Terran Infantry Weapons Level 2, Concussive Shells  
  116  7:38  Missile Turret  
  120  7:52  Terran Infantry Armor Level 2  
  120  7:56  Siege Tank  
  125  7:58  Marauder  
  125  8:05  Marauder  
  131  8:17  Marauder  
  134  8:22  Refinery x2  
  134  8:24  Marauder, Factory  
  138  8:33  Siege Tank  
  140  8:38  Marauder x2  
  146  8:45  Marauder  
  157  9:12  Command Center, Factory Tech Lab, Siege Tank  
  168  9:32  Medivac x2, Siege Tank  
Spawning Tool Build Advisor. Get it on Overwolf

Go to:

Details

  • Created by: Artur
  • Published on: May 28, 2018
  • Modified on: May 28, 2018
  • Patch: 4.0.0
Show
View Real Time Build Order
Export as new Build Order

Comments (0)

There are no comments. Be the first!

Create an account to comment!